 Dungeon Crawl Stone Soup version 0.18-b1-2-gd0c887e (webtiles) character file.

2583 juanjsm the Covert (level 9, -11/41 HPs)
             Began as a Spriggan Enchanter on Apr 28, 2016.
             Was a Believer of Ashenzari.
             Mangled by a blink frog (12 damage)
             ... on level 1 of the Lair of Beasts.
             The game lasted 00:35:38 (7403 turns).

juanjsm the Covert (Spriggan Enchanter)             Turns: 7403, Time: 00:35:38

Health: -11/41     AC:  3    Str:  4    XL:     9   Next: 32%
Magic:  8/19       EV: 21    Int: 20    God:    Ashenzari [**....]
Gold:   571        SH:  0    Dex: 16    Spells: 4 memorised, 11 levels left

rFire  . . .     SeeInvis +     u - +4 dagger
rCold  . . .     Gourm    .     b - +1 robe
rNeg   . . .     Faith    .     (shield restricted)
rPois  +         Spirit   .     (helmet restricted)
rElec  .         Dismiss  .     (no cloak)
rCorr  +         Reflect  .     (gloves unavailable)
SustAt .         Harm     .     (boots unavailable)
MR     +....                    (no amulet)
Stlth  ++++++....               A - ring of poison resistance
                                o - ring of resist corrosion

@: very quick, somewhat resistant to hostile enchantments, very stealthy
A: unfitting armour, see invisible, herbivore 3, speed 3, slow metabolism 2
a: Curse Item, Scrying, Renounce Religion


You were on level 1 of the Lair of Beasts.
You worshipped Ashenzari.
Ashenzari was pleased with you.
You were not hungry.

You visited 2 branches of the dungeon, and saw 12 of its levels.

You collected 571 gold pieces.

Inventory:

Hand Weapons
 u - a +4 dagger (weapon)
Armour
 b - a +1 robe (worn)
 y - a +0 buckler
Jewellery
 o - a ring of resist corrosion (left hand)
 t - an uncursed ring of flight
 x - an uncursed ring of fire
 A - a ring of poison resistance (right hand)
Wands
 e - a wand of lightning (4/15)
 r - a wand of confusion (29/48)
 E - a wand of acid (12/15)
Scrolls
 f - 3 scrolls of fog {unknown}
 h - 2 scrolls of enchant weapon {unknown}
 l - 5 scrolls of enchant armour {unknown}
 n - 4 scrolls of teleportation {unknown}
 p - 3 scrolls of magic mapping {unknown}
 v - 4 scrolls of noise {unknown}
 z - a scroll of silence {unknown}
 D - a scroll of vulnerability {unknown}
 H - a scroll of fear {unknown}
 I - a scroll of identify
Potions
 a - 2 potions of invisibility
 g - 3 potions of resistance
 i - 2 potions of might
 j - a potion of flight
 k - 3 potions of heal wounds
 m - a potion of brilliance {unknown}
 q - 2 potions of curing
 w - 4 potions of lignification {unknown}
 B - 2 potions of magic {unknown}
 G - 2 potions of agility {unknown}
 J - a potion of mutation {unknown}
Books
 c - a book of Maledictions

   Spells                             Type                      Level
   a - Corona                         Hexes                        1
   b - Ensorcelled Hibernation        Hexes/Ice                    2
   c - Confuse                        Hexes                        3
   d - Tukima's Dance                 Hexes                        3
   e - Dazzling Spray                 Conjuration/Hexes            3
 s - a book of Death

   Spells                             Type                      Level
   a - Corpse Rot                     Necromancy                   2
   b - Sublimation of Blood           Necromancy                   2
   c - Agony                          Necromancy                   5
   d - Dispel Undead                  Necromancy                   5
   e - Excruciating Wounds            Charms/Necromancy            5
   f - Bolt of Draining               Conjuration/Necromancy       5
 F - a book of Callings

   Spells                             Type                      Level
   a - Summon Small Mammal            Summoning                    1
   b - Call Imp                       Summoning                    2
   c - Call Canine Familiar           Summoning                    3
   d - Summon Guardian Golem          Hexes/Summoning              3
   e - Summon Lightning Spire         Summoning/Air                4
   f - Summon Ice Beast               Ice/Summoning                4
Comestibles
 d - 10 bread rations
 C - 2 fruits


   Skills:
 + Level 1.4 Fighting
 * Level 4.9 Short Blades
 + Level 6.1 Dodging
 + Level 11.6 Stealth
 * Level 2.7 Shields
 + Level 6.0 Spellcasting
 + Level 0.3 Conjurations
 + Level 6.8 Hexes
 + Level 2.4 Ice Magic


You had 11 spell levels left.
You knew the following spells:

 Your Spells              Type           Power        Failure   Level  Hunger
a - Corona                Hex            ####...      1%          1    None
b - Ensorcelled Hibernat  Hex/Ice        ###...       2%          2    None
c - Confuse               Hex            ####....     1%          3    ##.....
d - Dazzling Spray        Conj/Hex       ###.....     10%         3    ##.....


Dungeon Overview and Level Annotations

Branches:
Dungeon (11/15)            Temple (0/1) D:4            Lair (1/8) D:9
    Orc: D:9-12

Altars:
Ashenzari
Cheibriados
Dithmenos
Elyvilon
Gozag
Makhleb
Okawaru
Pakellas
Qazlal
Ru
Sif Muna
Trog
Xom
Yredelemnul
The Shining One

Shops:
D:6 [   D:8 (

Annotations:
D:3 Zleub's ghost, amateur HuCj
D:7 Joseph
D:9 PeterLawrence's ghost, novice MiFi


Innate Abilities, Weirdness & Mutations

You are tiny and cannot use many weapons and most armour.
You have supernaturally acute eyesight.
You are a herbivore.
You cover ground extremely quickly.
You need consume almost no food.


Message History

The blink frog croaks.
The komodo dragon hisses angrily.
There is a staircase back to the Dungeon here.
The blink frog blinks! x2
The blink frog misses you.
Found an uncursed robe.
The blink frog blinks! x2
The blink frog hits you but does no damage.
The blink frog blinks!
The blink frog blinks! x2
Found a cyan potion.
Found an uncursed helmet.
The blink frog blinks!
Found a scroll of remove curse.
Found a stone staircase leading down.
You see here a cyan potion.
J - a cyan potion The blink frog blinks!
The blink frog hits you.
* * * LOW HITPOINT WARNING * * *
The blink frog hits you!
You die...

.........## , ,,
..........# ##.## .... *
..........####?..#*...#
.................##..# ,
............##.[.....# *
,
............##.......###*
...F........##.........#
........................
,
.........F§.....@.......
,
......F..F.....F#.....>.
,
.........F.....##....##.
,
.............##.......#*
.............# #.###.##*
........#P#### *## ##
.[......### * #.#P##..#
#### ####


You could see 4 blink frogs.

Vanquished Creatures
  A hippogriff (D:9)
  A black bear (D:6)
  An orc warrior (D:7)
  A phantom (D:6)
  An ice beast (D:8)
  4 ogres
  3 centaurs
  A big kobold (D:9)
  3 giant frogs
  A gnoll sergeant (D:5)
  A water moccasin zombie (D:7)
  2 scorpions
  3 killer bees (D:9)
  3 crimson imps
  A quasit (D:8)
  2 orc priests
  2 hounds (D:7)
  A centaur skeleton (D:5)
  4 orc wizards
  7 worker ants
  A killer bee zombie (D:9)
  A hound zombie (D:5)
  A hound skeleton (D:6)
  4 gnolls
  15 adders
  3 adder skeletons (D:5)
  3 dart slugs
  4 giant geckos
  20 orcs
  6 giant cockroaches
  9 goblins
  5 hobgoblins
  A quokka (D:7)
  2 ball pythons
  9 bats
  4 giant newts
  A jackal skeleton (D:4)
  9 kobolds
  12 rats
  A butterfly (D:4)
154 creatures vanquished.

Vanquished Creatures (others)
  2 plants (D:9)
2 creatures vanquished.

Grand Total: 156 creatures vanquished

Notes
Turn   | Place    | Note
--------------------------------------------------------------
     0 | D:1      | juanjsm the Spriggan Enchanter began the quest for the Orb.
     0 | D:1      | Reached XP level 1. HP: 9/9 MP: 5/5
   315 | D:1      | Reached XP level 2. HP: 13/13 MP: 6/6
   358 | D:1      | Learned a level 2 spell: Ensorcelled Hibernation
   855 | D:2      | Found an oddly glowing altar of Pakellas.
   873 | D:2      | Found a shadowy altar of Dithmenos.
   878 | D:2      | Reached skill level 5 in Stealth
   878 | D:2      | Reached XP level 3. HP: 11/16 MP: 1/8
   929 | D:2      | Found a shattered altar of Ashenzari.
   941 | D:2      | Became a worshipper of Ashenzari the Shackled
  1080 | D:2      | Found a sacrificial altar of Ru.
  1242 | D:2      | Learned a level 3 spell: Confuse
  1286 | D:2      | Reached XP level 4. HP: 21/21 MP: 9/9
  1334 | D:2      | Learned a level 3 spell: Dazzling Spray
  1497 | D:3      | Reached skill level 6 in Stealth
  1931 | D:3      | Noticed Zleub's ghost (amateur HuCj)
  2425 | D:4      | Found a staircase to the Ecumenical Temple.
  2459 | D:4      | Found a snail-covered altar of Cheibriados.
  2575 | D:4      | Reached XP level 5. HP: 24/24 MP: 10/10
  2581 | D:5      | Entered Level 5 of the Dungeon
  2622 | D:4      | Reached skill level 7 in Stealth
  2733 | D:4      | Reached * piety under Ashenzari
  2794 | D:4      | Found a basalt altar of Yredelemnul.
  2833 | D:4      | Reached skill level 1 in Ice Magic
  2837 | D:4      | Found a stormy altar of Qazlal.
  3457 | D:5      | Reached skill level 8 in Stealth
  3511 | D:5      | Reached XP level 6. HP: 23/29 MP: 5/12
  3723 | D:5      | Found a deep blue altar of Sif Muna.
  4156 | D:5      | Reached XP level 7. HP: 14/32 MP: 0/14
  4366 | D:6      | Reached skill level 1 in Fighting
  4366 | D:6      | Reached skill level 9 in Stealth
  4495 | D:6      | Reached skill level 5 in Dodging
  4495 | D:6      | Reached skill level 1 in Shields
  4509 | D:6      | Reached skill level 5 in Hexes
  4601 | D:6      | Found Coneof's Armour Boutique.
  4650 | D:6      | Found a white marble altar of Elyvilon.
  4780 | D:6      | Found a bloodstained altar of Trog.
  4888 | D:6      | Reached XP level 8. HP: 27/37 MP: 11/16
  4910 | D:6      | Found a shimmering altar of Xom.
  5130 | D:6      | Found a burning altar of Makhleb.
  5131 | D:6      | Reached ** piety under Ashenzari
  5307 | D:6      | Reached skill level 10 in Stealth
  5551 | D:7      | Reached skill level 5 in Spellcasting
  5568 | D:8      | Found a glowing golden altar of the Shining One.
  5770 | D:7      | Found an iron altar of Okawaru.
  5998 | D:7      | Noticed Joseph
  6516 | D:9      | Noticed PeterLawrence's ghost (novice MiFi)
  6725 | D:8      | Reached skill level 11 in Stealth
  6725 | D:8      | Reached XP level 9. HP: 41/41 MP: 11/18
  6879 | D:8      | Found Sytiw's Weapon Emporium.
  6922 | D:9      | Found an opulent altar of Gozag.
  7085 | D:10     | Entered Level 10 of the Dungeon
  7300 | D:9      | Found a staircase to the Lair.
  7300 | D:9      | Noticed a komodo dragon
  7380 | Lair:1   | Entered Level 1 of the Lair of Beasts
  7380 | Lair:1   | Noticed a komodo dragon
  7402 | Lair:1   | HP: 1/41 [blink frog (5)]
  7403 | Lair:1   | Mangled by a blink frog

Skill      XL: |  1  2  3  4  5  6  7  8  9 |
---------------+----------------------------+-----
Stealth        | 5 6 8 9 11 | 11.6
Spellcasting   | 3 4 5 6 |  6.0
Hexes          | 4 5 6 |  6.8
Dodging        | 4 5 6 |  6.1
Ice Magic      | 1 2 |  2.4
Short Blades   | 3 4 |  4.9
Fighting       | 1 |  1.4
Shields        | 1 2 |  2.7
Conjurations   | |  0.3

Action                   |  1- 3 |  4- 6 |  7- 9 || total
-------------------------+-------+-------+-------++-------
Melee: Dagger            |    72 |   121 |   139 ||   332
 Cast: Corona            |     5 |     1 |       ||     6
       Ensorcelled Hiber |    11 |    37 |    63 ||   111
       Dazzling Spray    |       |     1 |     7 ||     8
       Confuse           |       |     9 |    17 ||    26
  Use: Scroll            |       |     5 |     1 ||     6
 Stab: Sleeping          |    26 |    34 |    46 ||   106
       Distracted        |     1 |     1 |     2 ||     4
       Confused          |       |     3 |    10 ||    13
       Invisible         |       |       |     2 ||     2
  Eat: Bread ration      |       |     1 |       ||     1
       Fruit             |       |       |     2 ||     2
Armor: Robe              |     2 |    12 |    12 ||    26
Dodge: Dodged            |    54 |   127 |    89 ||   270
